 Dungeon Crawl Stone Soup version 0.27-a0-1123-g2f9bb313c0 (webtiles) character file.

Game seed: 18217460706407941632

1335 Zeld the Skirmisher (level 8, -3/58 HPs)
             Began as an Octopode Fighter on May 3, 2021.
             Slain by an unseen horror (7 damage)
             ... on level 6 of the Dungeon.
             The game lasted 00:07:40 (6597 turns).

Zeld the Skirmisher (Octopode Fighter)              Turns: 6597, Time: 00:07:40

Health: -3/58      AC:  1    Str: 18    XL:     8   Next: 61%
Magic:  17/17      EV: 12    Int: 10    God:
Gold:   821        SH: 10    Dex: 11    Spells: 7/7 levels left

rFire    . . .     SeeInvis .   i - +3 war axe (flame)
rCold    . . .     Faith    .   b - +0 kite shield
rNeg     + . .     Spirit   .   (helmet restricted)
rPois    .         Reflect  .   (no amulet)
rElec    .         Harm     .   j - ring of positive energy
rCorr    +         Rampage  .   p - ring of resist corrosion
Will     .....                  q - ring of magical power
Stlth    ++........             (no ring)
HPRegen  0.19/turn              (no ring)
MPRegen  0.15/turn              (no ring)
                                (no ring)
                                (no ring)

@: no status effects
A: almost no armour, amphibious, 8 rings, camouflage 1, gelatinous body 1,
(nimble swimmer 1), tentacles
a: no special abilities


You were on level 6 of the Dungeon.
You visited 1 branch of the dungeon, and saw 6 of its levels.
You also visited: Ossuary.

You collected 821 gold pieces.

Inventory:

Hand Weapons
 a - a +0 war axe
 i - a +3 war axe of flaming (weapon)
Armour
 b - a +0 kite shield (worn)
Jewellery
 e - an amulet of the acrobat
 j - a ring of positive energy (left tentacle)
 p - a ring of resist corrosion (right tentacle)
 q - a ring of magical power (on tentacle)
Scrolls
 d - a scroll of torment {unknown}
 l - a scroll of blinking
 m - a scroll of magic mapping {unknown}
Potions
 c - 3 potions of ambrosia {unknown}
 f - 3 potions of heal wounds {unknown}
 g - 2 potions of lignification {unknown}
 h - 2 potions of brilliance {unknown}
 k - a potion of attraction {unknown}
 o - 2 potions of curing
 r - 2 potions of magic {unknown}
 s - 2 potions of haste {unknown}


   Skills:
 * Level 6.6 Fighting
 * Level 6.2 Axes
 - Level 3.0 Dodging
 * Level 6.5 Shields


You had 7 spell levels left.
You didn't know any spells.
Your spell library contained the following spells:

 Spells                   Type           Power      Damage    Failure   Level
 Animate Dead             Necr           0%         N/A       100%        4
 Borgnjor's Vile Clutch   Necr/Erth      0%         N/A       100%        5
 Death Channel            Necr           0%         N/A       100%        6
 Simulacrum               Ice/Necr       0%         N/A       100%        6


Dungeon Overview and Level Annotations

Branches:
Dungeon (6/15)            Ossuary (visited)
 Temple: D:4-7

Altars:
Sif Muna
Uskayaw


Innate Abilities, Weirdness & Mutations

You cannot wear most types of armour.
You are amphibious.
You can wear up to eight rings at the same time.
Your skin changes colour to match your surroundings (Stealth+).
Your rubbery body absorbs attacks. (AC +1, EV +1)
((You are camouflaged near water. (Stealth+)))
You have tentacles for arms and can constrict up to eight enemies at once.


Message History

The adder barely misses you.
You slash the adder! You burn the adder.
You kill the adder!
No target in view!
Found a robe.
Done exploring.
Done exploring.
Done exploring.
You see here a +0 robe.
You open the door.
There is an open door here.
There is a stone staircase leading down here.
You climb downwards.
Found a scroll labelled UTIPRE FURGH.
Found a stone staircase leading down.
There is a stone staircase leading up here.
Found 14 stones.
Something hits you.
Deactivating autopickup; reactivate with Ctrl-A.
There is a strange disturbance nearby!
Something hits you! You block something's attack. Something hits you!
Something hits you!
There is a stone staircase leading up, spattered with blood here.
As you read the scroll of fear, it crumbles to dust.
You assume a fearsome visage.
Nothing appears to happen.
Something hits you. You block something's attack.
An orc comes into view. It is wielding a +0 dagger.
The orc shouts!
Something hits you.
Found a stone staircase leading down.
Something hits you. The orc hits you with a +0 dagger.
* * * LOW HITPOINT WARNING * * *
Blink to where?
Press: ? - help, Dir - move target
As you read the scroll of blinking, it crumbles to dust.
Something hits you!
* * * LOW HITPOINT WARNING * * *
Something hits you!
You die...

#..............
#..........?...
.. .....#.......
#.# ###.......#.#
#..##............
......##...####.#
......#..###
....#.#..#
.......@##
#..#.#...#####
#... #.......#
.....##o.###...
.#.........###.
..............>
.#.....#..>#...
....... #......
....... ....#.


You could see an orc.

Vanquished Creatures
  A water moccasin (D:5)
  A sky beast (D:3)
  2 necrophages (D:5)
  An ogre (D:5)
  A phantom (D:5)
  A scorpion (D:5)
  6 water moccasin zombies
  A jelly (D:5)
  An orc priest (D:3)
  A hound (D:4)
  A centaur skeleton (D:4)
  An iguana (D:4)
  2 orc wizards (D:5)
  2 mummies (Ossuary)
  7 adders
  4 adder zombies (Ossuary)
  3 worms
  4 dart slugs
  15 orcs
  6 ball pythons
  3 endoplasms
  5 giant cockroaches
  4 gnoll zombies (Ossuary)
  3 goblins
  5 hobgoblins
  16 jackals
  4 quokkas
  9 bats
  2 frilled lizards
  8 hobgoblin zombies (Ossuary)
  7 kobolds
  7 kobold zombies (Ossuary)
  7 orc zombies (Ossuary)
  3 rats
144 creatures vanquished.

Notes
Turn   | Place    | Note
-------+----------+-------------------------------------------
     0 | D:1      | Zeld the Octopode Fighter began the quest for the Orb.
     0 | D:1      | Reached XP level 1. HP: 16/16 MP: 1/1
    30 | D:1      | Reached XP level 2. HP: 8/21 MP: 2/2
   531 | D:1      | Reached XP level 3. HP: 14/26 MP: 3/3
  1816 | D:2      | Reached XP level 4. HP: 28/32 MP: 4/4
  1824 | D:2      | Found a faded altar of an unknown god.
  2475 | D:3      | Reached XP level 5. HP: 33/37 MP: 5/5
  3211 | D:4      | Reached XP level 6. HP: 6/44 MP: 6/6
  3214 | D:4      | Found a shimmering blue altar of Sif Muna.
  3230 | D:4      | Found a sand-covered staircase.
  3240 | Ossuary  | Entered an ossuary
  3564 | Ossuary  | HP: 2/44 [adder zombie (3)]
  4079 | Ossuary  | Reached skill level 5 in Fighting
  4079 | Ossuary  | Reached skill level 5 in Shields
  4083 | Ossuary  | Reached XP level 7. HP: 30/50 MP: 7/7
  4562 | D:3      | Reached skill level 5 in Axes
  5215 | D:4      | Identified the +1 leather armour of the Mackerel {Fly rElec
                  | rC++ Str-4}
  5309 | D:4      | Identified a scroll of acquirement
  5318 | D:4      | Acquired 581 gold pieces
  5327 | D:5      | Entered Level 5 of the Dungeon
  5837 | D:5      | Found a hide-covered altar of Uskayaw.
  5894 | D:5      | Reached XP level 8. HP: 57/57 MP: 8/8
  6597 | D:6      | Slain by an unseen horror

Illustrated notes

Levels and vault maps discovered:
D:1:      dpeg_arrival_ternary, layout_basic
D:2:      layout_basic, hellmonk_ecumenical_altar_inner_sanctum,
          chequers_serial_rivers_room_b
D:3:      layout_rooms
D:4:      layout_cave_pools, general_overflow_altar,
          nicolae_ossuary_entry_monument
D:5:      layout_basic, nicolae_overflow_crystal_walls, st_stairs_12
D:6:      layout_rooms, old_standard_altar, grunt_temple_overflow_open,
          minmay_temple_entry_waves, serial_glass, glass_columns_b,
          glass_columns_a, glass_columns_b, glass_columns_b, glass_columns_b,
          glass_columns_b, glass_columns_a, glass_columns_a,
          supply_closet_lemuel, sigmund_edmund_badplayer

Skill      XL: |  1  2  3  4  5  6  7  8 |
---------------+-------------------------+-----
Axes           | 3 4 5 6 |  6.2
Fighting       | 4 5 6 |  6.6
Shields        | 4 5 6 |  6.5
Dodging        | |  3.0

Action                   |  1- 3 |  4- 6 |  7- 9 || total
-------------------------+-------+-------+-------++-------
Melee: War axe           |    66 |   108 |    67 ||   241
       Constrict         |    17 |    27 |    20 ||    64
       Tentacles         |    10 |    20 |    10 ||    40
  Use: Potion            |       |     3 |     1 ||     4
       Scroll            |       |       |     9 ||     9
 Stab: Sleeping          |     5 |    13 |     2 ||    20
Armor: Skin              |     6 |    12 |     3 ||    21
Dodge: Dodged            |    35 |    55 |    24 ||   114
Block: Kite shield       |    44 |    56 |    33 ||   133

Table legend: (Time is in decaauts)
 A = Elapsed time spent in this place.
 B = Non-inter-level travel time spent in this place.
 C = Inter-level travel time spent in this place.
 D = Time resting spent in this place.
 E = Time spent auto-exploring this place.
 F = Levels seen in this place.
 G = Mean time per level.
                   A        B        C        D        E       F      G
               +--------+--------+--------+--------+--------+-----+--------+
         Total |   6723 |   6556 |    167 |   1728 |   3858 |   7 |  960.4 |
       Dungeon |   5442 |   5275 |    167 |    675 |   3754 |   6 |  907.0 |
       Ossuary |   1281 |   1281 |      0 |   1053 |    104 |   1 | 1281.0 |
               +--------+--------+--------+--------+--------+-----+--------+

Top non-repeatable levels by time:
     D:1: 1491 daAuts
 Ossuary: 1281 daAuts
     D:5: 1270 daAuts
     D:3: 942 daAuts
     D:2: 862 daAuts
     D:4: 860 daAuts
     D:6: 15 daAuts
